 Dungeon Crawl Stone Soup version 0.31-a0-220-gc2f4f3cf83 (webtiles) character file.

Game seed: 10346196808942544082

72 qw the Shooter (level 4, -3/27 HPs)
             Began as a Gargoyle Hexslinger on July 3, 2023.
             Killed from afar by an orc wizard (7 damage)
             ... with a puff of flame
             ... on level 3 of the Dungeon.
             The game lasted 00:00:33 (1449 turns).

qw the Shooter (Gargoyle Hexslinger)                Turns: 1449, Time: 00:00:34

Health: -3/27      AC:  9    Str: 11    XL:     4   Next: 25%
Magic:  5/5        EV: 10    Int: 14    God:
Gold:   77         SH:  0    Dex: 14    Spells: 4/5 levels left

rFire   . . .        Y - +1 sling
rCold   . . .        (no shield)
rNeg    + . .        h - +0 ring mail
rPois   inf          (no helmet)
rElec   +            (no cloak)
rCorr   .            i - +0 pair of gloves
SInv    .            (no boots)
Will    .....        (no amulet) Stlth
                     (no ring)
HPRegen 0.24/turn    (no ring)
MPRegen 0.09/turn

%: no passive effects
@: confused
A: sickness immunity, AC +3, negative energy resistance 1, electricity
resistance, torment resistance 1, petrification resistance
a: no special abilities


You were on level 3 of the Dungeon.
You visited 1 branch of the dungeon, and saw 3 of its levels.

You collected 77 gold pieces.


Innate Abilities, Weirdness & Mutations

You are immune to sickness and miasma.
Your stone body is resilient. (AC +3)
You are immune to poison.
You resist negative energy. (rN+)
You are resistant to electric shocks. (rElec)
You are resistant to unholy torment.
You are immune to petrification.


   Skills:
 - Level 2.3 Fighting
 + Level 3.6 Ranged Weapons
 - Level 1.1 Armour
 - Level 1.5 Dodging
 - Level 1.0 Spellcasting
 - Level 2.6 Hexes


You had 4 spell levels left.
You knew the following spells:

 Your Spells              Type           Power      Damage    Failure   Level
a - Slow                  Hex            32%        N/A       21%         1

Your spell library contained the following spells:

 Spells                   Type           Power      Damage    Failure   Level
 Inner Flame              Hex/Fire       4%         N/A       71%         3
 Portal Projectile        Hex/Tloc       8%         N/A       71%         3
 Cause Fear               Hex            4%         N/A       90%         4

Inventory:

Hand Weapons
 Y - a +1 sling (weapon)
Armour
 h - a +0 ring mail (worn)
 i - a +0 pair of gloves (worn)
Scrolls
 a - a scroll of teleportation
 e - 3 scrolls of identify
Potions
 b - 2 potions of attraction {unknown}
 j - a potion of enlightenment

Dungeon Overview and Level Annotations

Branches:
Dungeon (3/15)

Altars:


Message History

You shoot a sling bullet. Something hits you but does no damage.
You shoot a sling bullet. Something hits you but does no damage.
Something hits you.
You shoot a sling bullet.
You hear some strange, mumbled words.
A magic dart appears from out of thin air!
The magic dart hits you but does no damage.
You shoot a sling bullet. Something hits you but does no damage.
You shoot a sling bullet.
You hear some strange, mumbled words.
Something tries to affect you, but you resist.
Something hits you but does no damage.
You shoot a sling bullet. Something hits you.
You shoot a sling bullet. Something hits you but does no damage.
You shoot a sling bullet.
An orc wizard appears from thin air!
Reactivating autopickup.
The orc wizard hits you with a +0 dagger.
The orc wizard hits you but does no damage.
The orc wizard hits you but does no damage.
You feel less confused. The orc wizard casts a spell at you.
You are confused.
The orc wizard hits you but does no damage.
The orc wizard gestures at you while chanting.
You are more confused.
The orc wizard hits you but does no damage.
The orc wizard closely misses you.
The orc wizard hits you with a +0 dagger.
The orc wizard hits you with a +0 dagger.
The orc wizard hits you but does no damage.
The orc wizard hits you but does no damage.
The orc wizard hits you but does no damage.
The orc wizard casts a spell at you. The puff of flame hits you!
You die...

.. # 7.>.
#.####.....
#.#)o%...7
#.@# ## ##.##
#.# ##.#
..###..# ###
#.#.#.# #.#
#.##.# #.#
#.##.# #.#
##.##.# #.#
####...#.###.#


You could see an orc wizard.

Vanquished Creatures
  An orc wizard (D:3)
  An adder (D:2)
  A dart slug (D:3)
  An orc (D:3)
  A ball python (D:1)
  4 bats
  4 endoplasms
  A giant cockroach (D:1)
  4 goblins
  4 hobgoblins
  A kobold (D:1)
  2 quokkas
  2 frilled lizards (D:3)
  5 rats
32 creatures vanquished.

Notes
Turn   | Place    | Note
-------+----------+-------------------------------------------
     0 | D:1      | qw the Gargoyle Hexslinger began the quest for the Orb.
     0 | D:1      | Reached XP level 1. HP: 12/12 MP: 2/2
     0 | D:1      | 0 ||| qw: Version: 0.3-a-40-ge99b1a8
     0 | D:1      | 0 ||| qw: Game counter: 468
     0 | D:1      | 0 ||| qw: Melee chars always use a shield: true
     0 | D:1      | 0 ||| qw: God list: Okawaru
     0 | D:1      | 0 ||| qw: Allow faded altars: false
     0 | D:1      | 0 ||| qw: Do Orc after clearing Dungeon:15 true
     0 | D:1      | 0 ||| qw: Do second Lair branch before Depths: true
     0 | D:1      | 0 ||| qw: Lair rune preference: random
     0 | D:1      | 0 ||| qw: Goals: Normal
     0 | D:1      | 0 ||| PLANNING D:1-11
    73 | D:1      | Reached XP level 2. HP: 16/16 MP: 3/3
   175 | D:1      | Reached skill level 3 in Ranged Weapons
   627 | D:1      | 627 ||| UPGRADING to +0 ring mail.
   637 | D:1      | 637 ||| DROPPING +0 robe.
   638 | D:1      | 638 ||| UPGRADING to +0 pair of gloves.
   643 | D:1      | 643 ||| READING scroll labelled ASKEAQ ESTO.
   644 | D:1      | 644 ||| READING 4 scrolls labelled VALEMU BEUMIUWN.
   645 | D:1      | 645 ||| READING scroll labelled BENLOS NASHUERCH.
   648 | D:1      | 648 ||| READING scroll labelled ZAEJAS GITSOR.
   649 | D:1      | 649 ||| READING 3 scrolls of identify.
   649 | D:1      | 649 ||| IDENTIFYING dark potion
   650 | D:1      | 650 ||| DROPPING scroll of poison.
   837 | D:2      | Reached XP level 3. HP: 19/22 MP: 4/4
  1305 | D:2      | 1305 ||| READING scroll labelled TUYC UNIMOEWA.
  1344 | D:3      | Reached skill level 1 in Armour
  1400 | D:3      | 1400 ||| Stepping ~*~*~tactically~*~*~ (outnumbered).
  1409 | D:3      | Reached XP level 4. HP: 26/27 MP: 5/5
  1426 | D:3      | HP: 6/27 [something/puff of flame (8)]
  1431 | D:3      | HP: 5/27 [something (2)]
  1437 | D:3      | HP: 4/27 [orc wizard/+0 dagger (2)]
  1444 | D:3      | HP: 4/27 [orc wizard/+0 dagger (1)]
  1449 | D:3      | Killed from afar by an orc wizard

Levels and vault maps discovered:
D:1:      kennysheep_arrival_forest, layout_basic, minmay_tripent
D:2:      layout_basic, feat_on_display
D:3:      layout_loops_ring, makhleb_altar_promises_db,
          mainiacjoe_overflow_alcove_4, mainiacjoe_overflow_two_lobes,
          dreamdust_ecumenical_altar_angels_and_demons,
          chequers_serial_rivers_room_b, minmay_misc_feat_more_columns,
          grunt_ministairs_7

Skill      XL: |  1  2  3 |
---------------+----------+-----
Ranged Weapons | 3 |  3.6
Fighting       | 2 |  2.3
Armour         | 1 |  1.1
Dodging        | |  1.5
Spellcasting   | |  1.0
Hexes          | |  2.6

Action                     |  1- 3 |  4- 6 || total
---------------------------+-------+-------++-------
   Fire: Sling             |   101 |    28 ||   129
    Use: Scroll            |     6 |       ||     6
 Armour: Ring mail         |    16 |    22 ||    38
         Robe              |     6 |       ||     6
  Dodge: Dodged            |    34 |     1 ||    35

Table legend:
 A = Non-vault XP
 B = Vault XP
 C = Vault XP percentage of total XP
 D = Non-vault monster count
 E = Vault monster count
 F = Vault count percentage of total count
                 A         B        C        D         E       F
            +---------+---------+-------+---------+---------+-------
      Total |      60 |      43 |  41.7 |      27 |       5 |  15.6
            +---------+---------+-------+---------+---------+-------
        D:1 |      21 |       4 |  16.0 |      11 |       2 |  15.4
        D:2 |      34 |       0 |   0.0 |      14 |       0 |   0.0
        D:3 |       5 |      39 |  88.6 |       2 |       3 |  60.0
            +---------+---------+-------+---------+---------+-------
